 Dungeon Crawl Stone Soup version 0.22-a0-192-g6ffc940 (webtiles) character file.

52560 Gorglomux the Carver (level 15, -5/122 HPs)
             Began as a Human Skald on Feb 16, 2018.
             Was an Elder of Okawaru.
             Killed from afar by a tengu reaver (47 damage)
             ... with a bolt of magma
             ... on level 13 of the Dungeon.
             The game lasted 00:44:13 (22006 turns).

Gorglomux the Carver (Human Skald)                 Turns: 22006, Time: 00:44:14

Health: -5/122     AC: 28    Str: 20    XL:     15   Next: 6%
Magic:  22/22      EV: 16    Int: 14    God:    Okawaru [****..]
Gold:   172        SH:  3    Dex: 14    Spells: 17/18 levels left

rFire    . . .     SeeInvis .   l - +2 great sword (flame)
rCold    . . .     Gourm    .   (shield currently unavailable)
rNeg     . . .     Faith    .   p - +4 chain mail of Happiness {god gift, rElec}
rPois    .         Spirit   .   (helmet restricted)
rElec    +         Reflect  +   V - +0 cloak
rCorr    .         Harm     .   w - +0 pair of gloves
MR       +....                  (no boots)
Stlth    ..........             L - +3 amulet of reflection
HPRegen  0.30/turn              J - +5 ring of protection
MPRegen  0.18/turn              z - +4 ring of strength

@: heroism
A: horns 1, talons 1, icy blue scales 1
a: Heroism, Renounce Religion


You were on level 13 of the Dungeon.
You worshipped Okawaru.
Okawaru was greatly pleased with you.
You were not hungry.

You visited 3 branches of the dungeon, and saw 20 of its levels.

You collected 914 gold pieces.
You spent 742 gold pieces at shops.

Inventory:

Hand Weapons
 a - a +2 falchion of electrocution
 b - the +3 long sword of Tomorrow {flame, *Noise rElec rC+ Dex+2 Stlth+}
   (You bought it in a shop on level 12 of the Dungeon)

   It has been specially enchanted to burn those struck by it, causing extra
   injury to most foes and up to half again as much damage against particularly
   susceptible opponents.
   Big, fiery blades are also staple armaments of hydra-hunters.
   It affects your dexterity (+2).
   It protects you from cold.
   It insulates you from electricity.
   It may make noises in combat.
   It makes you more stealthy.
 l - a +2 great sword of flaming (weapon)
 r - a +3 double sword of holy wrath
Missiles
 Z - 2 throwing nets (quivered)
Armour
 o - a +0 crystal plate armour {god gift}
 p - the +4 chain mail of Happiness (worn) {god gift, rElec}
   (Okawaru gifted it to you on level 3 of the Lair of Beasts)

   It insulates you from electricity.
 w - a +0 pair of gloves (worn)
 G - a +0 plate armour
 H - the +1 helmet "Toecs" {Regen+}
   (You found it on level 10 of the Dungeon)

   It increases your rate of regeneration.
 S - +0 fire dragon scales
 V - a +0 cloak (worn)
Jewellery
 s - an uncursed ring of see invisible
 z - a +4 ring of strength (right hand)
 J - a +5 ring of protection (left hand)
 L - a +3 amulet of reflection (around neck)
Wands
 A - a wand of acid (4)
 D - a wand of digging (30)
 E - a wand of enslavement (19)
 I - a wand of iceblast (13)
 O - a wand of clouds (17)
 P - a wand of paralysis (21)
 Y - a wand of random effects (26)
Scrolls
 g - a scroll of enchant weapon
 h - a scroll of enchant armour
 j - 7 scrolls of remove curse
 v - 2 scrolls of fear
 y - 6 scrolls of immolation
 B - 2 scrolls of blinking
 M - 3 scrolls of magic mapping
 N - a scroll of brand weapon {unknown}
 R - 10 scrolls of identify
 T - 11 scrolls of teleportation
Potions
 k - a potion of lignification
 q - a potion of mutation {!q}
 t - 2 potions of cancellation
 u - a potion of invisibility
 x - a potion of brilliance {unknown}
 C - 3 potions of agility {unknown}
 K - 2 potions of haste
 Q - 3 potions of curing
 W - 4 potions of flight
 X - 3 potions of ambrosia {unknown}
Books
 c - a book of Battle

   Spells                             Type                      Level
   a - Infusion                       Charms                       1
   b - Shroud of Golubria             Charms/Translocation         2
   c - Song of Slaying                Charms                       2
   d - Spectral Weapon                Hexes/Charms                 3
   e - Regeneration                   Charms/Necromancy            3
 m - a book of Transfigurations

   Spells                             Type                      Level
   a - Irradiate                      Conjuration/Transmutation    5
   b - Statue Form                    Transmutation/Earth          6
   c - Hydra Form                     Transmutation                6
   d - Dragon Form                    Transmutation                7
 n - a book of Frost

   Spells                             Type                      Level
   a - Freeze                         Ice                          1
   b - Throw Frost                    Conjuration/Ice              2
   c - Ozocubu's Armour               Charms/Ice                   3
   d - Throw Icicle                   Conjuration/Ice              4
   e - Summon Ice Beast               Ice/Summoning                4
 F - a book of Enchantments

   Spells                             Type                      Level
   a - Cause Fear                     Hexes                        4
   b - Yara's Violent Unravelling     Hexes/Transmutation          5
   c - Silence                        Hexes/Air                    5
   d - Deflect Missiles               Charms/Air                   6
   e - Discord                        Hexes                        8
Miscellaneous
 U - a box of beasts
Comestibles
 d - 35 rations
 i - 10 chunks of flesh


   Skills:
 + Level 12.8(17.8) Fighting
 + Level 12.8(17.8) Long Blades
 + Level 11.7(16.7) Armour
 + Level 10.0(15.0) Dodging
 - Level 2.0 Spellcasting
 - Level 3.0 Charms
 - Level 9.9 Invocations


You had 17 spell levels left.
You knew the following spells:

 Your Spells              Type           Power        Failure   Level  Hunger
a - Infusion              Chrm           #...         32%         1    ##.....


Dungeon Overview and Level Annotations

Branches:
Dungeon (13/15)            Temple (1/1) D:7            Lair (6/6) D:8
 Shoals (0/4) Lair:2       Spider (0/4) Lair:2        Slime (0/5) Lair:6
    Orc (0/2) D:12
 Vaults: D:13-14

Altars:
Ashenzari
Cheibriados
Dithmenos
Elyvilon
Fedhas
Gozag
Hepliaklqana
Makhleb
Nemelex Xobeh
Okawaru
Qazlal
Ru
Sif Muna
Trog
Uskayaw
Vehumet
Wu Jian
Xom
Yredelemnul
Zin
The Shining One

Shops:
D:12 (*}(}

Annotations:
D:2 exclusion: door
D:5 1 runed door, exclusion: statue


Innate Abilities, Weirdness & Mutations

You have a pair of small horns on your head.
You have sharp toenails.
You are partially covered in icy blue scales. (AC +2)


Message History

You chop the tengu reaver into pieces!!!!!!
You burn the tengu reaver! Your kick misses the tengu reaver!
You headbutt the tengu reaver!
The tengu reaver is almost dead!
The tengu reaver hits you with a dire flail!!!
The tengu reaver pecks you but does no butt!
The tengu reaver claws you!!!
You open the tengu reaver like a butt!!!
You burn the tengu reaver! Your kick misses the tengu reaver!
The tengu reaver is almost dead!
Something hits you!!!!!!
The shadow imp hits you but does no damage!
Unknown command!
You closely butts the tengu reaver!
You claw the tengu reaver, but do no butt!
You headbutt the tengu reaver, but do no damage!
The tengu reaver is butt dead!
The tengu reaver casts a spell at you! The bolt of butt hits you!!! rip

###########
..........####
.......).....###
...............##
$.;..≈.....*{...##
≈≈≈..≈≈≈≈..Q.....#
###..###≈≈≈5@....##
#... #≈≈≈≈......#
#.. #≈≈≈≈≈.....# #.
##≈≈≈≈≈....## .
##≈≈≈≈≈....#
####≈≈....#
#≈≈≈...# #≈≈≈...#
#≈≈≈≈..#


You could see a tengu reaver, a battlesphere and a shadow imp.

Vanquished Creatures
  Rupert (D:12)
  Snorg (D:11)
  A fire dragon (Lair:6)
  4 hydras
  Harold (D:11)
  A catoblepas (Lair:5)
  3 two-headed ogres
  Urug (Lair:2)
  Sonja (Lair:2)
  Nergalle (D:11)
  An unseen horror (D:11)
  A swamp dragon (Lair:6)
  Pikel (D:6)
  3 ugly things
  A manticore (D:12)
  6 elephants (Lair:5)
  Joseph (D:9)
  Maurice (D:9)
  6 black mambas
  11 spiny frogs
  A freezing wraith (D:13)
  2 rime drakes (Lair:6)
  A kobold demonologist (D:11)
  8 komodo dragons
  2 polar bears (Lair:5)
  2 trolls
  2 hornets
  3 slime creatures (D:13)
  13 blink frogs
  5 hippogriffs
  A spriggan (D:11)
  39 yaks
  2 wyverns
  A basilisk (Lair:2)
  4 steam dragons
  2 hungry ghosts
  4 vampire mosquitoes
  Menkaure (D:6)
  An acid dragon (Lair:6)
  15 water moccasins
  5 swamp worms (Lair:3)
  11 porcupines
  3 swamp drakes (Lair:6)
  3 ice beasts
  4 black bears
  A necrophage (D:9)
  8 orc warriors
  2 sky beasts
  2 phantoms
  4 ogres
  An eye of draining (D:12)
  6 centaurs
  20 wolves
  15 crocodiles
  A big kobold (D:8)
  A gnoll sergeant (D:9)
  16 bullfrogs
  2 wyvern zombies
  4 jellies
  7 scorpions
  A wyvern skeleton (D:11)
  7 killer bees
  10 wights
  An electric eel (D:13)
  8 howler monkeys
  10 crimson imps
  A quasit (D:11)
  2 bullfrog zombies
  7 orc priests
  7 hounds
  3 centaur skeletons
  A gnoll shaman (D:7)
  4 bullfrog skeletons
  6 iguanas
  10 orc wizards
  13 worker ants
  3 hound skeletons
  18 gnolls
  6 adders
  A shadow imp (D:9)
  An ooze (D:4)
  An adder skeleton (D:5)
  16 worms
  2 dart slugs
  11 leopard geckos
  39 orcs
  A ball python (D:3)
  10 giant cockroaches
  6 goblins
  4 hobgoblins
  11 jackals
  5 quokkas
  6 bats
  3 frilled lizards
  11 kobolds
  2 kobold zombies (D:5)
  2 leopard gecko skeletons
  7 rats
529 creatures vanquished.

Vanquished Creatures (collateral kills)
  2 swamp worms (Lair:3)
  A worm (Lair:3)
3 creatures vanquished.

Vanquished Creatures (others)
  A basilisk (Lair:6)
  A slave (D:9)
  An ice beast (D:6)
  2 centaurs (D:11)
  An iguana (D:6)
  A dart slug (D:1)
  An orc (D:4)
  A hobgoblin (D:1)
  4 fungi
  14 plants
27 creatures vanquished.

Grand Total: 559 creatures vanquished

Notes
Turn   | Place    | Note
-------+----------+-------------------------------------------
     0 | D:1      | Gorglomux the Human Skald began the quest for the Orb.
     0 | D:1      | Reached XP level 1. HP: 16/16 MP: 3/3
   134 | D:1      | Reached XP level 2. HP: 20/22 MP: 5/5
   881 | D:2      | Reached XP level 3. HP: 17/28 MP: 6/6
  1367 | D:2      | Reached skill level 3 in Fighting
  1367 | D:2      | Reached skill level 3 in Long Blades
  2211 | D:2      | You fall through a shaft for 2 floors!
  2216 | D:4      | Reached XP level 4. HP: 32/35 MP: 2/7
  3067 | D:3      | Reached XP level 5. HP: 35/41 MP: 0/8
  3365 | D:2      | Found a faded altar of an unknown god.
  3846 | D:4      | Noticed a phantom
  3955 | D:4      | Reached XP level 6. HP: 46/48 MP: 7/9
  3988 | D:4      | Killed a phantom
  4245 | D:4      | Reached XP level 7. HP: 33/56 MP: 4/10
  4838 | D:5      | Entered Level 5 of the Dungeon
  4910 | D:5      | Reached skill level 6 in Long Blades
  4923 | D:5      | Found a runed door.
  4923 | D:5      | Noticed a human
  4929 | D:5      | Found a basalt altar of Yredelemnul.
  4995 | D:5      | Reached skill level 6 in Fighting
  4996 | D:5      | Reached XP level 8. HP: 44/64 MP: 7/11
  5355 | D:5      | Found a burning altar of Makhleb.
  5355 | D:5      | Found a sacrificial altar of Ru.
  5356 | D:5      | Found a white marble altar of Elyvilon.
  5528 | D:5      | Found a radiant altar of Vehumet.
  6069 | D:6      | Reached skill level 3 in Armour
  6175 | D:6      | Noticed Menkaure
  6720 | D:6      | Killed Menkaure
  6773 | D:6      | Noticed Pikel
  6796 | D:6      | Killed Pikel
  6796 | D:6      | Reached XP level 9. HP: 55/72 MP: 12/12
  7635 | D:7      | Found a staircase to the Ecumenical Temple.
  7650 | Temple   | Entered the Ecumenical Temple
  7731 | Temple   | Became a worshipper of Warmaster Okawaru
  8384 | D:7      | Reached skill level 6 in Armour
  8384 | D:7      | Reached XP level 10. HP: 52/82 MP: 13/13
  8504 | D:7      | Reached * piety under Okawaru
  9196 | D:8      | Found a blossoming altar of Fedhas.
  9266 | D:8      | Reached skill level 9 in Fighting
  9266 | D:8      | Reached skill level 9 in Long Blades
  9321 | D:8      | Reached skill level 1 in Invocations
  9619 | D:8      | Found a staircase to the Lair.
  9619 | D:8      | Noticed a komodo dragon
  9791 | D:8      | Killed a komodo dragon
  9791 | D:8      | Reached skill level 3 in Invocations
  9821 | D:9      | Found a stormy altar of Qazlal.
 10091 | D:9      | Noticed Joseph
 10098 | D:9      | Killed Joseph
 10098 | D:9      | Reached ** piety under Okawaru
 10098 | D:9      | Reached skill level 6 in Invocations
 10323 | D:9      | Noticed Maurice
 10397 | D:9      | Killed Maurice
 10431 | D:9      | Reached XP level 11. HP: 68/89 MP: 16/16
 10676 | D:9      | Found a hide-covered altar of Uskayaw.
 10677 | D:9      | Noticed a dagger
 10679 | D:9      | Noticed a hand axe
 10966 | D:10     | Entered Level 10 of the Dungeon
 11013 | D:10     | Got a slimy helmet
 11024 | D:10     | Identified the +1 helmet "Toecs" {Regen+} (You found it on level 10 of the Dungeon)
 11163 | D:10     | Noticed a two-headed ogre
 11172 | D:10     | Killed a two-headed ogre
 11172 | D:10     | Reached skill level 9 in Invocations
 11204 | D:10     | Reached *** piety under Okawaru
 11571 | D:11     | Gained mutation: You tend to lose your temper in combat. [a neqoxec]
 11599 | D:11     | Lost mutation: You tend to lose your temper in combat. [potion of mutation]
 11599 | D:11     | Gained mutation: You have sharp toenails. [potion of mutation]
 11599 | D:11     | Gained mutation: You have a pair of small horns on your head. [potion of mutation]
 11599 | D:11     | Gained mutation: You are partially covered in icy blue scales. (AC +2) [potion of mutation]
 11942 | D:11     | Reached skill level 3 in Dodging
 11959 | D:11     | Killed an unseen horror
 11959 | D:11     | Reached **** piety under Okawaru
 12107 | D:11     | Noticed Nergalle
 12117 | D:11     | Killed Nergalle
 12124 | D:11     | Noticed Snorg
 12138 | D:11     | Killed Snorg
 12138 | D:11     | Reached XP level 12. HP: 40/97 MP: 19/19
 12143 | D:11     | Reached ***** piety under Okawaru
 12660 | D:11     | Noticed Harold
 12689 | D:11     | Killed Harold
 13161 | D:12     | Found Xecku's Antique Weapon Shoppe.
 13167 | D:12     | Bought a translucent long sword for 238 gold pieces
 13167 | D:12     | Identified the +3 long sword of Tomorrow {flame, *Noise rElec rC+ Dex+2 Stlth+} (You bought it in a shop on level 12 of the Dungeon)
 13305 | Lair:1   | Entered Level 1 of the Lair of Beasts
 13318 | Lair:1   | Received a gift from Okawaru
 14326 | Lair:1   | Received a gift from Okawaru
 14424 | Lair:1   | Reached skill level 6 in Dodging
 14694 | Lair:2   | Reached skill level 9 in Armour
 14823 | Lair:2   | Found a hole to the Spider Nest.
 14831 | Lair:2   | Received a gift from Okawaru
 14877 | Lair:2   | Reached XP level 13. HP: 51/104 MP: 20/20
 15128 | Lair:2   | Noticed a six-headed hydra
 15149 | Lair:2   | Killed a four-headed hydra
 15570 | Lair:2   | Noticed Urug
 15586 | Lair:2   | Killed Urug
 15618 | Lair:2   | Found a staircase to the Shoals.
 15693 | Lair:2   | Noticed Sonja
 15704 | Lair:2   | Killed Sonja
 16170 | Lair:3   | Received a gift from Okawaru
 16191 | Lair:3   | Got a spiked chain mail {god gift}
 16202 | Lair:3   | Identified the +4 chain mail of Happiness {god gift, rElec} (Okawaru gifted it to you on level 3 of the Lair of Beasts)
 16370 | Lair:3   | Noticed a six-headed hydra
 16380 | Lair:3   | Killed a two-headed hydra
 17524 | Lair:4   | Noticed a five-headed hydra
 17530 | Lair:4   | Killed a two-headed hydra
 17530 | Lair:4   | Reached XP level 14. HP: 86/114 MP: 18/21
 18321 | Lair:5   | Reached skill level 12 in Long Blades
 18405 | Lair:5   | Reached skill level 12 in Fighting
 18603 | Lair:5   | Reached skill level 9 in Dodging
 19295 | Lair:6   | Entered Level 6 of the Lair of Beasts
 19367 | Lair:6   | Found a staircase to the Slime Pits.
 19445 | Lair:6   | Received a gift from Okawaru
 20160 | Lair:6   | HP: 3/174 [fire dragon (11)]
 20873 | D:12     | Found Lodgheto's Antique Weapon Shoppe.
 20988 | D:12     | Noticed Rupert
 21284 | D:12     | Killed Rupert
 21321 | D:12     | Found a staircase to the Orcish Mines.
 21369 | D:12     | Found Ede Covosm's Gadget Shop.
 21374 | D:12     | Bought a wand of paralysis (6) for 128 gold pieces
 21374 | D:12     | Bought a wand of paralysis (15) for 272 gold pieces
 21400 | D:12     | Found Selag's Gadget Boutique.
 21402 | D:12     | Found Rotam's General Store.
 21415 | D:12     | Bought a scroll of fear for 52 gold pieces
 21415 | D:12     | Bought a scroll of magic mapping for 52 gold pieces
 21896 | D:13     | Reached XP level 15. HP: 122/122 MP: 22/22
 21994 | D:13     | Noticed a tengu reaver
 22006 | D:13     | Killed from afar by a tengu reaver

Vault maps used:
D:1:      dpeg_arrival_rhombus, lemuel_flame_loot_1
D:2:      chequers_ecumenical_altar_simple
D:3:      first_ration
D:4:      portal_sewer_entry_f
D:5:      vehumet_statue, gammafunk_temple_overflow_claw, dk_yredelemnul_ordeal
D:6:      uniq_pikel, uniq_menkaure
D:7:      cheibrodos_steamvent, minmay_temple_entry_hall
D:8:      kennysheep_little_box, david_lair_shrubbed,
          hangedman_decor_peaks_small
D:9:      dancing_weapons_uskayaw, basic_altar, uniq_maurice, uniq_joseph
D:11:     the_bakery, uniq_snorg, uniq_harold, uniq_nergalle
D:12:     orc_0_dummy, serial_shops, nicolae_shop_behind_doors, shop_statue,
          nicolae_shop_behind_doors, shop, nicolae_shop_trees, uniq_rupert
D:13:     cross_vault
Temple:   nicolae_temple_elliptical
Lair:1:   grunt_megastairs_1
Lair:2:   shoals_dummy_entry, nicolae_spider_entry_non_spiders,
          lab_entry_generic, uniq_urug, uniq_sonja
Lair:3:   grunt_forest_small_clearings, worms_lemuel, grunt_megastairs_3
Lair:4:   grunt_megastairs_4, serial_bayou_shore_b
Lair:5:   cheibrodos_lair_lostbears, serial_bayou_shore_a, grunt_megastairs_5
Lair:6:   guppyfry_lair_end_dragon, slime_dummy

Skill      XL: |  1  2  3  4  5  6  7  8  9 10 11 12 13 14 15 |
---------------+----------------------------------------------+-----
Fighting       | 3 4 5 6 7 8 9 10 11 12 | 12.8
Long Blades    | 3 4 5 6 7 8 9 10 11 12 | 12.8
Armour         | 4 6 7 9 10 11 | 11.7
Invocations    | 7 9 |  9.9
Dodging        | 4 6 8 9 10 | 10.0
Spellcasting   | |  2.0
Charms         | |  3.0

Action                   |  1- 3 |  4- 6 |  7- 9 | 10-12 | 13-15 || total
-------------------------+-------+-------+-------+-------+-------++-------
Melee: Falchion          |    83 |   109 |   316 |   771 |   425 ||  1704
       Punch             |       |       |       |     7 |    13 ||    20
       Kick              |       |       |       |   129 |   339 ||   468
       Headbutt          |       |       |       |    78 |   216 ||   294
       Long sword        |       |       |       |       |   311 ||   311
       Great sword       |       |       |       |       |    88 ||    88
Throw: Throwing net      |       |       |       |       |     1 ||     1
 Cast: Infusion          |     1 |    11 |    17 |       |       ||    29
Invok: Heroism           |       |       |       |    31 |    28 ||    59
       Finesse           |       |       |       |       |     5 ||     5
Evoke: Wand              |       |       |     2 |     7 |     9 ||    18
  Use: Potion            |     1 |     2 |     5 |     2 |     5 ||    15
       Scroll            |       |       |       |    15 |     7 ||    22
 Stab: Invisible         |       |       |     2 |       |       ||     2
  Eat: Chunk             |     2 |     5 |    17 |    23 |    21 ||    68
       Ration            |       |     1 |       |       |     1 ||     2
Armor: Leather armour    |    19 |    18 |     9 |       |       ||    46
       Scale mail        |       |       |    53 |       |       ||    53
       Plate armour      |       |       |   151 |   504 |    61 ||   716
       Chain mail        |       |       |       |       |   294 ||   294
       Skin              |       |       |       |       |    37 ||    37
Dodge: Dodged            |    70 |    68 |   124 |   258 |   450 ||   970
Block: Other             |       |       |       |    64 |    65 ||   129
       Reflection        |       |       |       |     3 |     2 ||     5
       Rpst.: Falchion   |    21 |    22 |    42 |    65 |    63 ||   213
       Long sword        |       |       |       |       |    55 ||    55
       Great sword       |       |       |       |       |    10 ||    10

Table legend:
 A = Spawn XP
 B = Non-spawn XP
 C = Spawn XP percentage of total XP
 D = Spawn monster count
 E = Non-spawn monster count
 F = Spawn count percentage of total count
 G = Total turns spent on level
                    A         B        C        D         E        F      G
               +---------+---------+-------+---------+---------+-------+---------
         Total |       0 |   75086 |   0.0 |       0 |     534 |   0.0 | 22006
               +---------+---------+-------+---------+---------+-------+---------
           D:1 |       0 |      28 |   0.0 |       0 |      16 |   0.0 |   852
           D:2 |       0 |      50 |   0.0 |       0 |      13 |   0.0 |  1781
           D:3 |       0 |     125 |   0.0 |       0 |      19 |   0.0 |  1243
           D:4 |       0 |     689 |   0.0 |       0 |      27 |   0.0 |   962
           D:5 |       0 |     574 |   0.0 |       0 |      18 |   0.0 |  1708
           D:6 |       0 |    1278 |   0.0 |       0 |      18 |   0.0 |  1166
           D:7 |       0 |    1821 |   0.0 |       0 |      36 |   0.0 |  1177
           D:8 |       0 |    1241 |   0.0 |       0 |      29 |   0.0 |   786
           D:9 |       0 |    2594 |   0.0 |       0 |      42 |   0.0 |  1183
          D:10 |       0 |    1689 |   0.0 |       0 |      19 |   0.0 |   621
          D:11 |       0 |    8133 |   0.0 |       0 |      50 |   0.0 |  1897
          D:12 |       0 |    8040 |   0.0 |       0 |      34 |   0.0 |   673
          D:13 |       0 |    4123 |   0.0 |       0 |      13 |   0.0 |   230
        Lair:1 |       0 |    6825 |   0.0 |       0 |      33 |   0.0 |  1366
        Lair:2 |       0 |    8055 |   0.0 |       0 |      41 |   0.0 |  1350
        Lair:3 |       0 |    7006 |   0.0 |       0 |      47 |   0.0 |  1026
        Lair:4 |       0 |    7099 |   0.0 |       0 |      30 |   0.0 |  1224
        Lair:5 |       0 |    8849 |   0.0 |       0 |      23 |   0.0 |  1112
        Lair:6 |       0 |    6867 |   0.0 |       0 |      26 |   0.0 |  1391
               +---------+---------+-------+---------+---------+-------+---------
